 Dungeon Crawl Stone Soup version 0.30.0-18-gc0e69614cb (webtiles) character file.

Game seed: 16055053050701323553

4 growler the Insei (level 1, -2/15 HPs)
             Began as a Merfolk Transmuter on May 24, 2023.
             Slain by a goblin
             ... wielding a +0 club
              (4 damage)
             ... on level 1 of the Dungeon.
             The game lasted 00:00:51 (51 turns).

growler the Insei (Merfolk Transmuter)                Turns: 51, Time: 00:00:52

Health: -2/15      AC:  2    Str: 10    XL:     1   Next: 70%
Magic:  2/3        EV: 12    Int: 12    God:
Gold:   0          SH:  0    Dex: 14    Spells: 3/4 levels left

rFire   . .          .
                       - Unarmed
rCold   . . .        (no shield)
rNeg    . . .        a - +0 robe
rPois   .            (helmet currently unavailable)
rElec   .            (no cloak)
rCorr   .            (no gloves)
SInv    .            (boots currently unavailable)
Will    .....        (no amulet)
Stlth   +            (no ring)
HPRegen 0.22/turn    (no ring)
MPRegen 0.08/turn

%: no passive effects
@: appendages
A: horns 2, (nimble swimmer 2), mertail
a: End Transformation


You were on level 1 of the Dungeon.
You had temporarily grown beastly horns.
You visited 1 branch of the dungeon, and saw 1 of its levels.

Inventory:

Armour
 a - a +0 robe (worn)
Scrolls
 c - a scroll of identify {unknown}
Potions
 b - a potion of lignification


   Skills:
 - Level 1.1 Fighting
 - Level 2.6 Dodging
 + Level 3.4 Unarmed Combat
 + Level 2.1 Spellcasting
 + Level 2.9 Transmutations


You had 3 spell levels left.
You knew the following spells:

 Your Spells              Type           Power      Damage    Failure   Level
a - Beastly Appendage     Tmut           16%        N/A       9%          1

Your spell library contained the following spells:

 Spells                   Type           Power      Damage    Failure   Level
 Wereblood                Tmut           8%         N/A       12%         2
 Spider Form              Tmut/Pois      4%         N/A       41%         3
 Ice Form                 Ice/Tmut       4%         N/A       82%         4


Dungeon Overview and Level Annotations

Branches:
Dungeon (1/15)

Altars:


Innate Abilities, Weirdness & Mutations

You have temporarily grown beastly horns.
((You are very nimble when in or above water. (Stealth+, EV+, Speed+++)))
Your lower body shifts to a powerful aquatic tail in water.


Message History

You kill the rat!
An endoplasm comes into view.
An endoplasm is nearby!
Found a robe.
Found a scroll labelled NOF RIAWKECOH.
The endoplasm hits you but does no damage.
You hit the endoplasm.
The endoplasm is heavily wounded.
The endoplasm freezes you.
You are frozen.
You hit the endoplasm.
The endoplasm is almost dead.
The endoplasm hits you but does no damage.
You hit the endoplasm.
You kill the endoplasm!
HP restored.
c - a scroll labelled NOF RIAWKECOH A dart slug and a kobold come into view.
Found 11 gold pieces.
The dart slug launches a dart at you. The slug dart hits you.
You grow a pair of large bovine horns.
The kobold shouts!
You hear a shout!
The dart slug launches a dart at you. The slug dart misses you.
A goblin comes into view. It is wielding a +0 club.
The kobold throws a stone.
The stone hits you.
The kobold throws a stone.
The stone misses you. The dart slug launches a dart at you.
The slug dart hits you. The kobold hits you with a +0 dagger.
* * * LOW HITPOINT WARNING * * *
The goblin closely misses you. The dart slug misses you.
You punch the dart slug! You headbutt the dart slug.
You kill the dart slug!
The kobold barely misses you. The goblin hits you but does no damage.
The kobold hits you with a +0 dagger.
* * * LOW HITPOINT WARNING * * *
The goblin hits you with a +0 club.
You die...

.......................
......................#
......................#
#...............##.....
####.##.#####....######
#. #..# #.....## #. ##.#
##.....##
####.##.######.....##
#.....g@K..# ##.....##
#...........# ##.....##
#..............##.....##
#............## ##..8...
#.........$#.# ##...<.
#..........#.# #..>...
######.###.# # #.....##
#. .. #.....## #.....##


You could see a goblin and a kobold.

Vanquished Creatures
  A dart slug (D:1)
  An endoplasm (D:1)
  A rat (D:1)
3 creatures vanquished.

Notes
Turn   | Place    | Note
-------+----------+-------------------------------------------
     0 | D:1      | growler the Merfolk Transmuter began the quest for the Orb.
     0 | D:1      | Reached XP level 1. HP: 15/15 MP: 3/3
    51 | D:1      | Slain by a goblin

Illustrated notes

Levels and vault maps discovered:
D:1:      psy_arrival_spokes, layout_rooms

Action                     || total
---------------------------++-------
  Melee: Unarmed           ||     6
         Headbutt          ||     1
   Cast: Beastly Appendage ||     1
 Armour: Robe              ||     3
  Dodge: Dodged            ||     7
